 Dungeon Crawl Stone Soup version 0.19-a0-291-ga637243 (webtiles) character file.

161 mistymad the Vexing (level 5, -1/36 HPs)
             Began as a Vampire Enchanter on May 27, 2016.
             Killed from afar by an orc wizard (9 damage)
             ... with a magic dart
             ... on level 3 of the Dungeon.
             The game lasted 00:20:24 (4058 turns).

mistymad the Vexing (Vampire Enchanter)             Turns: 4058, Time: 00:20:25

Health: -1/36      AC:  4    Str:  7    XL:     5   Next: 19%
Magic:  2/9        EV: 13    Int: 18    God:
Gold:   182        SH:  6    Dex: 15    Spells: 3 memorised, 3 levels left

rFire  . . .     SeeInvis +     p - +0 short sword
rCold  + + .     Gourm    .     b - +1 robe
rNeg   + + +     Faith    .     (no shield)
rPois  +         Spirit   .     (no helmet)
rElec  .         Dismiss  .     i - +0 cloak
rCorr  .         Reflect  +     (no gloves)
SustAt .         Harm     .     (no boots)
MR     .....                    u - +6 amulet of reflection (curse)
Stlth  +++++.....               (no ring)
                                k - ring of stealth

@: regenerating slowly, not resistant to hostile enchantments, quite stealthy
A: fangs 3, see invisible, unbreathing
a: Bat Form


You were on level 3 of the Dungeon.
You were near bloodless.

You visited 2 branches of the dungeon, and saw 5 of its levels.

You collected 182 gold pieces.

Inventory:

Hand Weapons
 p - a +0 short sword (weapon)
Armour
 b - a +1 robe (worn)
 i - a +0 cloak (worn)
Jewellery
 k - a ring of stealth (left hand)
 u - a cursed +6 amulet of reflection (around neck)
Scrolls
 a - a scroll of immolation {unknown}
 l - 5 scrolls of identify {unknown}
 m - a scroll of magic mapping {unknown}
 n - 2 scrolls of teleportation {unknown}
 v - a scroll of recharging {unknown}
 w - a scroll of fog {unknown}
Potions
 d - 10 potions of blood
 e - 4 potions of curing {unknown}
 f - 2 potions of berserk rage {unknown}
 g - a potion of mutation {unknown}
 h - a potion of invisibility {unknown}
 j - a potion of magic {unknown}
 o - a potion of might {unknown}
 q - 2 potions of brilliance {unknown}
 r - a potion of agility {unknown}
 s - a potion of haste {unknown}
 t - a potion of flight {unknown}
Books
 c - a book of Maledictions

   Spells                             Type                      Level
   a - Corona                         Hexes                        1
   b - Ensorcelled Hibernation        Hexes/Ice                    2
   c - Confuse                        Hexes                        3
   d - Tukima's Dance                 Hexes                        3
   e - Dazzling Spray                 Conjuration/Hexes            3


   Skills:
 + Level 0.6 Fighting
 + Level 2.5 Short Blades
 + Level 3.2 Dodging
 + Level 5.3 Stealth
 + Level 2.8 Spellcasting
 + Level 5.6 Hexes


You had 3 spell levels left.
You knew the following spells:

 Your Spells              Type           Power        Failure   Level  Hunger
a - Corona                Hex            ###....      1%          1    None
b - Ensorcelled Hibernat  Hex/Ice        ##....       10%         2    ##.....
c - Tukima's Dance        Hex            ###.....     6%          3    ###....


Dungeon Overview and Level Annotations

Branches:
Dungeon (4/15)             Temple (1/1) D:4

Altars:
Cheibriados
Fedhas
Gozag
Makhleb
Nemelex Xobeh
Okawaru
Pakellas
Qazlal
Sif Muna
Trog
Yredelemnul
Zin
The Shining One

Shops:
D:2 *


Innate Abilities, Weirdness & Mutations

You heal slowly.
You have razor-sharp teeth.
You have supernaturally acute eyesight. (SInv)
You can survive without breathing.


Message History

The orc wizard is heavily wounded.
The orc wizard hits you with a dagger.
* * * LOW HITPOINT WARNING * * *
You take 1 damage, and have 8/36 hp.
Drink which item? (? for menu, Esc to quit)
Okay, then.
Casting: Corona
Confirm with . or Enter, or press ? or * to list all spells.
You don't know that spell.
You closely miss the orc wizard.
The orc wizard is heavily wounded.
The orc wizard stops glowing.
The orc wizard gestures wildly while chanting.
The orc wizard seems to speed up.
You closely miss the orc wizard.
The orc wizard is heavily wounded.
The orc wizard hits you but does no damage.
The orc wizard points at you and mumbles some strange words.
The magic dart hits you!
You die...

##### #..<#
########## #.###
#........# #.#
###........#######
#.#
.......).......o@#
#.#
###..>.....#####.#
#.# # #........#
#.# #.#
###........# #.#
#.# .##........#
#.# #.#
...........#
#.#####.#
...........#
#.......#
...........#
#########
...#####.###


You could see an orc wizard.

Vanquished Creatures
  A worker ant (D:2)
  6 adders
  5 worms
  A dart slug (D:2)
  A giant gecko (D:2)
  3 orcs
  4 giant cockroaches
  5 goblins
  10 hobgoblins
  3 jackals (D:3)
  A quokka (D:3)
  A ball python (D:3)
  8 bats
  3 giant newts
  7 kobolds
  10 rats
69 creatures vanquished.

Notes
Turn   | Place    | Note
--------------------------------------------------------------
     0 | D:1      | mistymad the Vampire Enchanter began the quest for the Orb.
     0 | D:1      | Reached XP level 1. HP: 13/13 MP: 3/3
    51 | D:1      | Found a sparkling altar of Nemelex Xobeh.
   410 | D:1      | Reached XP level 2. HP: 19/19 MP: 5/5
   491 | D:1      | Learned a level 2 spell: Ensorcelled Hibernation
  1084 | D:2      | Found Zin's Purification Station.
  1096 | D:2      | Found a glowing silver altar of Zin.
  1391 | D:2      | Reached XP level 3. HP: 24/24 MP: 6/6
  1410 | D:2      | Found a faded altar to an unknown god.
  1538 | D:2      | Learned a level 3 spell: Tukima's Dance
  1678 | D:2      | Reached skill level 5 in Hexes
  1942 | D:2      | Reached skill level 5 in Stealth
  1942 | D:2      | Reached XP level 4. HP: 28/31 MP: 0/7
  2466 | D:2      | Found a glowing golden altar of the Shining One.
  2466 | D:2      | Found a basalt altar of Yredelemnul.
  2473 | D:2      | Noticed an angel
  2481 | D:2      | Noticed a profane servitor
  2531 | D:3      | Found an opulent altar of Gozag.
  3397 | D:3      | Reached XP level 5. HP: 36/36 MP: 3/9
  3617 | D:4      | Found a staircase to the Ecumenical Temple.
  3642 | Temple   | Entered the Ecumenical Temple
  4058 | D:3      | Killed from afar by an orc wizard

Vault maps used:
D:1:      lightli_arrival_maybe_door_vault, minmay_misc_feat_alley,
          nemelex_xobeh_ov_fountains_minmay
D:2:      grunt_temple_overflow_holy_war, zin_purify, ecumenical_altar_2
D:3:      nicolae_gozag_cash_rules_everything_around_me, first_bread
D:4:      minmay_temple_entry_purple_smoke, hangedman_decor_growths,
          minmay_tree_intersection, kennysheep_doodads, uniq_sigmund
Temple:   jpeg_temple_alley_garden_8

Skill      XL: |  1  2  3  4 |
---------------+-------------+-----
Hexes          | 5 |  5.6
Short Blades   | 2 |  2.5
Stealth        | 5 |  5.3
Dodging        | 3 |  3.2
Fighting       | |  0.6
Spellcasting   | |  2.8

Action                   |  1- 3 |  4- 6 || total
-------------------------+-------+-------++-------
Melee: Dagger            |   119 |       ||   119
       Bite              |     4 |     5 ||     9
       Short sword       |    24 |   103 ||   127
 Cast: Corona            |     9 |    12 ||    21
       Ensorcelled Hiber |     8 |    40 ||    48
  Use: Potion            |     1 |     3 ||     4
 Stab: Sleeping          |    14 |    24 ||    38
Armor: Robe              |    45 |    18 ||    63
Dodge: Dodged            |    87 |    52 ||   139
Block: Other             |       |     3 ||     3
